 Dungeon Crawl Stone Soup version 0.30-a0-622-gddc90eaa04 (webtiles) character file.

Game seed: 3595857812254614082

17175 ryw the Scholar of Death (level 12, 0/93 HPs)
             Began as a Human Necromancer on Jan 11, 2023.
             Was a Follower of Kikubaaqudgha.
             Slain by a seven-headed hydra (11 damage)
             ... on level 3 of the Lair of Beasts.
             The game lasted 00:51:12 (17110 turns).

ryw the Scholar of Death (Human Necromancer)       Turns: 17110, Time: 00:51:13

Health: 0/93       AC:  9    Str:  9    XL:     12   Next: 79%
Magic:  23/23      EV: 22    Int: 20    God:    Kikubaaqudgha [*.....]
Gold:   346        SH:  7    Dex: 20    Spells: 14/26 levels left

rFire   . . .      SeeInvis +    o - +1 demon whip (venom)
rCold   + . .      Faith    .    E - +1 buckler
rNeg    . . .      Spirit   .    C - +2 robe {rC+}
rPois   .          Reflect  .    A - +0 mask of the Dragon {Will+ Slay+3 SInv}
rElec   .          Harm     .    D - +1 cloak
rCorr   .          Rampage  .    (no gloves)
Will    +....                    t - +2 pair of boots
Stlth   ++                       f - amulet of regeneration
HPRegen 1.15/turn                b - +6 ring of dexterity
MPRegen 0.18/turn                B - +5 ring of evasion

@: no status effects
A: no striking features
a: Renounce Religion, Unearth Wretches


You were on level 3 of the Lair of Beasts.
You worshipped Kikubaaqudgha.
Kikubaaqudgha was aware of your devotion.
You visited 3 branches of the dungeon, and saw 14 of its levels.

You collected 800 gold pieces.
You spent 454 gold pieces at shops.

Inventory:

Hand Weapons
 o - a +1 demon whip of venom (weapon)
Missiles
 r - 2 silver javelins
 v - 2 curare-tipped darts
 z - 7 poisoned darts
Armour
 t - a +2 pair of boots (worn)
 A - the +0 mask of the Dragon (worn) {Will+ Slay+3 SInv}
   (You bought it in a shop on level 3 of the Dungeon)

   Slay:      It affects your accuracy & damage with ranged weapons and melee
   (+3).
   SInv:      It lets you see invisible.
   Will:      It increases your willpower.
 C - a +2 robe of cold resistance (worn)
 D - a +1 cloak (worn)
 E - a +1 buckler (worn)
Jewellery
 a - a ring of magical power
 b - a +6 ring of dexterity (left hand)
 f - an amulet of regeneration (around neck)
 i - a ring of ice
 k - a ring of resist corrosion
 p - a ring of see invisible
 s - a ring of protection from cold
 y - a ring of willpower
 B - a +5 ring of evasion (right hand)
 F - a +6 ring of dexterity
 P - a ring of ice
Wands
 K - a wand of mindburst (11)
 L - a wand of paralysis (1)
Scrolls
 h - 4 scrolls of identify
 j - a scroll of butterflies
 l - 2 scrolls of immolation
 q - 4 scrolls of vulnerability
 x - a scroll of fear
 G - 4 scrolls of teleportation
 H - a scroll of poison
 M - a scroll of fog
Potions
 c - 2 potions of mutation
 d - 8 potions of curing
 e - 3 potions of attraction
 g - a potion of brilliance
 n - a potion of berserk rage {unknown}
 u - 2 potions of flight
 w - a potion of lignification
 N - a potion of cancellation {unknown}
 O - a potion of heal wounds
Miscellaneous
 J - a condenser vane


   Skills:
 + Level 8.2 Fighting
 - Level 5.0 Short Blades
 * Level 3.0 Maces & Flails
 + Level 8.1 Dodging
 - Level 2.0 Stealth
 - Level 5.0 Shields
 + Level 7.5 Spellcasting
 - Level 13.0 Necromancy


You had 14 spell levels left.
You knew the following spells:

 Your Spells              Type           Power      Damage    Failure   Level
a - Necrotise             Necr           100%       1d9       1%          1
b - Vampiric Draining     Necr           56%        2d10      1%          3
c - Animate Dead          Necr           56%        N/A       1%          4
d - Dispel Undead         Necr           56%        3d20      1%          4

Your spell library contained the following spells:

 Spells                   Type           Power      Damage    Failure   Level
 Kiss of Death            Conj/Necr      100%       2d13      1%          1
 Sublimation of Blood     Necr           56%        N/A       1%          2
 Agony                    Necr           56%        N/A       1%          5
 Cigotuvi's Dreadful Rot  Necr/Pois/Air  48%        N/A       3%          2
 Sandblast                Erth           14%        2d6       12%         1
 Confusing Touch          Hex            7%         N/A       34%         3
 Gell's Gravitas          Tloc           7%         N/A       34%         3
 Inner Flame              Hex/Fire       7%         N/A       34%         3
 Lesser Beckoning         Tloc           14%        N/A       34%         3
 Teleport Other           Tloc           7%         N/A       34%         3
 Cause Fear               Hex            3%         N/A       75%         4
 Discord                  Hex            3%         N/A       100%        8


Dungeon Overview and Level Annotations

Branches:
Dungeon (10/15)            Temple (1/1) D:7            Lair (3/5) D:8
 Shoals (0/4) Lair:2          Orc (0/2) D:9
  Snake: Lair:2-3    Spider: Lair:2-3

Altars:
Ashenzari
Cheibriados
Elyvilon
Fedhas
Gozag
Hepliaklqana
Kikubaaqudgha
Makhleb
Nemelex Xobeh
Okawaru
Qazlal
Ru
Sif Muna
Trog
Uskayaw
Vehumet
Wu Jian
Yredelemnul
Zin
The Shining One

Shops:
D:3 [   D:10 (

Annotations:
D:9 1 runed translucent door, OTABOTABOTAB's ghost, novice DECj
Lair:2 1 runed translucent door, OTABOTABOTAB's ghost, journeyman DECj


Message History

* * * LOW HITPOINT WARNING * * *
The seven-headed hydra bites you.
* * * LOW HITPOINT WARNING * * *
You feel much better.
The seven-headed hydra bites you but does no damage.
You block the seven-headed hydra's attack.
The seven-headed hydra misses you.
You block the seven-headed hydra's attack.
The seven-headed hydra completely misses you.
The seven-headed hydra closely misses you.
The seven-headed hydra bites you but does no damage.
You whack the seven-headed hydra!
The seven-headed hydra looks as sick as possible!
The seven-headed hydra is severely wounded.
The seven-headed hydra closely misses you.
You block the seven-headed hydra's attack.
The seven-headed hydra bites you.
You block the seven-headed hydra's attack.
The seven-headed hydra bites you.
The seven-headed hydra bites you but does no damage.
The seven-headed hydra bites you.
You hit the seven-headed hydra.
The seven-headed hydra is severely wounded.
The seven-headed hydra closely misses you. x2
The seven-headed hydra bites you!
* * * LOW HITPOINT WARNING * * *
The seven-headed hydra bites you but does no damage.
You block the seven-headed hydra's attack.
The seven-headed hydra bites you!
* * * LOW HITPOINT WARNING * * *
The seven-headed hydra bites you but does no damage.
Okay, then.
You feel better.
The seven-headed hydra barely misses you.
The seven-headed hydra bites you!
* * * LOW HITPOINT WARNING * * *
The seven-headed hydra barely misses you.
The seven-headed hydra bites you!
You die...
Kikubaaqudgha rasps: "You have failed me!
Welcome... death!"

.....^....## ##
................#
...............## .
...............## ^
...............# ^
..............## .
..###.#....P#.#### # #D# #
#....##.....
#.#@#####....#......
+............##....>
#P....#..##.##......#...#.
#.....#...#####.....+..#..
##.......>.....##....###..8
................##...###...
...........#.........#.##...
............###............#
^..............#.....8......


You could see a seven-headed hydra (extremely poisoned).

Vanquished Creatures
  Fannar (Lair:3)
  A catoblepas (Lair:1)
  A boulder beetle (Lair:1)
  A two-headed ogre (D:8)
  A death yak (Lair:1)
  Amaemon (Lair:2)
  An orange demon (Lair:2)
  3 cane toads
  2 rime drakes
  A komodo dragon (Lair:2)
  4 blink frogs (Lair:3)
  A shadow (D:8)
  6 wyverns
  13 yaks
  The ghost of drugrobin the Insei, an amateur DgDe (D:4)
  A steam dragon (D:8)
  7 water moccasins
  3 orc warriors
  A sky beast (D:7)
  4 ice beasts
  8 wolves
  A centaur (D:6)
  3 kobold brigands
  A gnoll sergeant (D:8)
  A necrophage (D:5)
  8 scorpions
  6 bullfrogs
  3 wights (D:9)
  3 killer bees (D:5)
  4 electric eels
  A howler monkey (D:8)
  4 quasits (D:4)
  2 gnoll boudas
  6 orc priests
  3 hounds
  2 iguanas
  6 orc wizards
  A hound zombie (D:4)
  15 gnolls
  13 adders
  3 ufetubi
  2 adder zombies (D:4)
  2 worms (D:2)
  A dart slug (D:1)
  34 orcs
  11 ball pythons
  5 endoplasms
  4 giant cockroaches
  4 goblins
  10 hobgoblins
  7 jackals
  A quokka (D:3)
  8 bats
  3 frilled lizards
  17 kobolds
  A quokka zombie (D:4)
  6 rats
264 creatures vanquished.

Vanquished Creatures (collateral kills)
  A boulder beetle (Lair:1)
  2 black mambas
  A cane toad (Lair:1)
  A komodo dragon (Lair:3)
  A blink frog (Lair:3)
  A wyvern (Lair:3)
  3 yaks
  A water moccasin (Lair:2)
  An ogre (D:7)
  5 wolves
  An orc priest (D:9)
  An orc wizard (D:3)
  A gnoll (D:8)
  A white imp (D:5)
  An orc (D:9)
  An endoplasm (D:1)
  A goblin (D:1)
  2 kobolds (D:1)
  2 ball pythons
  A bat (D:3)
  2 rats (D:1)
31 creatures vanquished.

Vanquished Creatures (others)
  A death yak (Lair:3)
  A death yak zombie (Lair:3)
  A rime drake (Lair:1)
  2 basilisks (Lair:3)
  2 cane toad zombies (Lair:1)
  A two-headed ogre zombie (D:8)
  A wolf (Lair:2)
  2 water moccasin zombies (Lair:2)
  A wolf zombie (Lair:2)
  2 bullfrog zombies
  A basilisk zombie (Lair:3)
  A steam dragon zombie (D:8)
  6 gnoll zombies
  8 kobold zombies
  4 orc zombies
  16 fungi
  33 plants
83 creatures vanquished.

Grand Total: 378 creatures vanquished

Notes
Turn   | Place    | Note
-------+----------+-------------------------------------------
     0 | D:1      | ryw the Human Necromancer began the quest for the Orb.
     0 | D:1      | Reached XP level 1. HP: 13/13 MP: 3/3
   158 | D:1      | Reached XP level 2. HP: 19/19 MP: 0/5
   298 | D:1      | Reached XP level 3. HP: 24/24 MP: 0/6
   367 | D:1      | Learned a level 3 spell: Vampiric Draining
  1164 | D:2      | Found a faded altar of an unknown god.
  1428 | D:1      | Reached XP level 4. HP: 30/30 MP: 3/7
  1512 | D:2      | Reached skill level 5 in Necromancy
  1656 | D:2      | Found a sparkling altar of Nemelex Xobeh.
  2254 | D:2      | Reached skill level 1 in Short Blades
  2254 | D:2      | Reached XP level 5. HP: 35/35 MP: 9/9
  2469 | D:3      | Found a radiant altar of Vehumet.
  2774 | D:3      | Reached skill level 1 in Fighting
  2897 | D:3      | Found Fauxom Zouci's Armour Boutique.
  3150 | D:4      | Found a glowing golden altar of the Shining One.
  3231 | D:4      | Reached skill level 6 in Necromancy
  3231 | D:4      | Reached XP level 6. HP: 41/43 MP: 10/10
  3408 | D:4      | Found a transporter.
  3408 | D:4      | Noticed drugrobin's ghost (amateur DgDe)
  3423 | D:4      | Found a transporter.
  3477 | D:4      | Noticed an orc warrior
  3588 | D:4      | Found an iron altar of Okawaru.
  3875 | D:4      | Reached XP level 7. HP: 48/48 MP: 8/11
  3914 | D:4      | Learned a level 4 spell: Animate Dead
  4210 | D:4      | Reached skill level 7 in Necromancy
  4387 | D:4      | Found a basalt altar of Yredelemnul.
  4529 | D:4      | Noticed a water moccasin
  4541 | D:4      | Killed a water moccasin
  4672 | D:4      | Reached XP level 8. HP: 52/57 MP: 12/12
  4969 | D:5      | Entered Level 5 of the Dungeon
  5028 | D:5      | Got the Writings on Sepulchral Mud
  5192 | D:5      | Found a burning altar of Makhleb.
  5193 | D:5      | Found a shimmering blue altar of Sif Muna.
  5195 | D:5      | Found an ornate altar of the Wu Jian Council.
  5195 | D:5      | Found a glowing silver altar of Zin.
  5244 | D:5      | Reached skill level 8 in Necromancy
  5879 | D:5      | Reached skill level 9 in Necromancy
  6342 | D:6      | Reached XP level 9. HP: 56/63 MP: 9/13
  6732 | D:6      | Reached skill level 10 in Necromancy
  7236 | D:6      | Reached skill level 11 in Necromancy
  7733 | D:6      | Reached skill level 12 in Necromancy
  8685 | D:7      | Reached XP level 10. HP: 70/70 MP: 10/14
  8867 | D:7      | Learned a level 4 spell: Dispel Undead
  8943 | D:7      | Found a white marble altar of Elyvilon.
  9330 | D:7      | Found a staircase to the Ecumenical Temple.
  9342 | Temple   | Entered the Ecumenical Temple
  9394 | Temple   | Became a worshipper of Kikubaaqudgha
 10812 | D:8      | Reached skill level 13 in Necromancy
 10891 | D:8      | Found a staircase to the Lair.
 10891 | D:8      | Noticed a rime drake
 10899 | D:8      | Killed a rime drake
 10908 | D:8      | Reached * piety under Kikubaaqudgha
 10908 | D:8      | Received a gift from Kikubaaqudgha
 10918 | D:8      | Reached XP level 11. HP: 40/78 MP: 3/17
 10923 | D:8      | Reached skill level 5 in Fighting
 11412 | D:8      | Reached skill level 5 in Short Blades
 11581 | D:8      | Noticed a two-headed ogre
 11588 | D:8      | Killed a two-headed ogre
 11589 | D:8      | Reached skill level 5 in Dodging
 11589 | D:8      | Reached skill level 5 in Spellcasting
 12653 | D:3      | Bought the +0 mask of the Dragon {Will+ Slay+3 SInv} for
                  | 400 gold pieces
 12653 | D:3      | Found the +0 mask of the Dragon {Will+ Slay+3 SInv}
 12653 | D:3      | Bought a +0 buckler for 54 gold pieces
 12755 | D:4      | Killed drugrobin's ghost
 12934 | D:9      | Found a broken altar of Ashenzari.
 13061 | D:9      | Found a runed translucent door.
 13063 | D:9      | Noticed a wizard
 13063 | D:9      | Noticed OTABOTABOTAB's ghost (novice DECj)
 13268 | D:9      | Reached skill level 1 in Shields
 13286 | D:9      | Found a staircase to the Orcish Mines.
 13597 | D:9      | Reached ** piety under Kikubaaqudgha
 13850 | D:10     | Entered Level 10 of the Dungeon
 13894 | D:10     | Found Sosu's Weapon Shoppe.
 13932 | D:10     | Noticed a manticore
 13984 | Lair:1   | Entered Level 1 of the Lair of Beasts
 14306 | Lair:1   | Noticed a catoblepas
 14399 | Lair:1   | Killed a catoblepas
 14407 | Lair:1   | Noticed a boulder beetle
 14413 | Lair:1   | Killed a boulder beetle
 14466 | Lair:1   | Noticed a boulder beetle
 14491 | Lair:1   | Killed a boulder beetle
 14492 | Lair:1   | Reached XP level 12. HP: 53/91 MP: 4/21
 15590 | Lair:2   | Noticed a death yak
 15590 | Lair:2   | Noticed a death yak
 15597 | Lair:2   | Found a runed translucent door.
 15599 | Lair:2   | Noticed OTABOTABOTAB's ghost (journeyman DECj)
 15600 | Lair:2   | Identified the +6 trident "Hiungocw" {holy, Fly Will+}
 15600 | Lair:2   | Noticed a spriggan rider
 15600 | Lair:2   | Noticed a spriggan rider
 15694 | Lair:2   | Found a staircase to the Shoals.
 15883 | Lair:2   | Noticed Amaemon
 15920 | Lair:2   | Killed Amaemon
 15991 | Lair:2   | Noticed a death yak
 16019 | Lair:2   | Noticed a death yak
 16070 | Lair:1   | Killed a death yak
 16453 | Lair:2   | Reached skill level 1 in Maces & Flails
 16874 | Lair:3   | Noticed Fannar
 16889 | Lair:3   | Killed Fannar
 16890 | Lair:3   | Reached skill level 5 in Shields
 17095 | Lair:3   | Noticed a seven-headed hydra
 17110 | Lair:3   | Slain by a seven-headed hydra

Illustrated notes

Levels and vault maps discovered:
D:1:      dpeg_arrival_ratfight, layout_basic, reono_crystal_passage
D:2:      layout_rooms, basic_altar, nicolae_ecumenical_snake_handling
D:3:      minmay_spotlight, layout_basic, fiery_altar_vehumet, serial_shops,
          nicolae_diamond_shop
D:4:      layout_basic, nicolae_yredelemnul_corpse_copse,
          mainiacjoe_overflow_tiny_flanked, okawaru_gym_becter,
          gammafunk_ghost_stat_death
D:5:      layout_basic, chequers_temple_overflow_statue_of_worship,
          kennysheep_generic_room_3
D:6:      layout_layer_cave, dk_rats_in_the_wall
D:7:      layout_gridville, mainiacjoe_overflow_brackets,
          minmay_temple_entry_proselytizer
D:8:      layout_basic, hellmonk_lair_entry_icy, serial_bayou,
          serial_bayou_shore_b, serial_bayou_pond_a, serial_bayou_lagoon_a,
          serial_bayou_pond_b, sigmund_army
D:9:      layout_basic, nicolae_ashenzari_skybound, david_orc_2,
          ebering_ghost_inner_flame
D:10:     layout_rooms, serial_shops, nicolae_shop_statue_plus, sword_in_stone
Temple:   nicolae_temple_x_marks_the_god
Lair:1:   layout_loops_ring, grunt_megastairs_1
Lair:2:   layout_hall_layers, shoals_dummy_entry, ebering_ghost_funeral_grove,
          uniq_amaemon
Lair:3:   layout_regular_city, spider_nest_entry_funnel_web,
          eino_small_chamber_without_monster, grunt_megastairs_4,
          serial_bayou_shore_b, infiniplex_staircase_pool, uniq_fannar

Skill      XL: |  1  2  3  4  5  6  7  8  9 10 11 12 |
---------------+-------------------------------------+-----
Necromancy     | 5 6 7 9 12 13 | 13.0
Short Blades   | 1 2 3 4 5 |  5.0
Spellcasting   | 3 4 6 7 |  7.5
Fighting       | 1 2 3 4 7 8 |  8.2
Dodging        | 3 4 7 8 |  8.1
Shields        | 3 5 |  5.0
Maces & Flails | 3 |  3.0
Stealth        | |  2.0

Action                   |  1- 3 |  4- 6 |  7- 9 | 10-12 || total
-------------------------+-------+-------+-------+-------++-------
Melee: Unarmed           |    10 |       |       |       ||    10
       Short sword       |    23 |       |       |       ||    23
       Rapier            |       |    29 |    89 |   175 ||   293
       Punch             |       |       |     3 |     3 ||     6
       Demon whip        |       |       |       |    96 ||    96
 Cast: Necrotise         |    57 |    85 |    21 |    17 ||   180
       Vampiric Draining |       |    25 |   106 |   150 ||   281
       Animate Dead      |       |       |     5 |    11 ||    16
       Dispel Undead     |       |       |       |     6 ||     6
Invok: Unearth Wretches  |       |       |       |     3 ||     3
Evoke: Wand              |       |       |     2 |    14 ||    16
  Use: Scroll            |       |       |    13 |     8 ||    21
       Potion            |       |       |     2 |    10 ||    12
 Stab: Sleeping          |       |       |     3 |     2 ||     5
       Distracted        |       |       |     1 |     3 ||     4
       Paralysed         |       |       |       |     1 ||     1
Armor: Robe              |     9 |    10 |    39 |    66 ||   124
       Skin              |       |       |       |    16 ||    16
Dodge: Dodged            |    41 |    54 |   147 |   457 ||   699
Block: Buckler           |       |       |       |    70 ||    70

Table legend: (Time is in decaauts)
 A = Elapsed time spent in this place.
 B = Non-inter-level travel time spent in this place.
 C = Inter-level travel time spent in this place.
 D = Time resting spent in this place.
 E = Time spent auto-exploring this place.
 F = Levels seen in this place.
 G = Mean time per level.
                   A        B        C        D        E       F      G
               +--------+--------+--------+--------+--------+-----+--------+
         Total |  17838 |  16904 |    934 |   3408 |  10113 |  14 | 1274.1 |
       Dungeon |  14436 |  13568 |    868 |   3006 |   7917 |  10 | 1443.6 |
        Temple |     63 |     59 |      4 |      0 |     45 |   1 |   63.0 |
          Lair |   3338 |   3277 |     61 |    402 |   2151 |   3 | 1112.7 |
               +--------+--------+--------+--------+--------+-----+--------+

Top non-repeatable levels by time:
     D:6: 2374 daAuts
     D:8: 2280 daAuts
     D:4: 1942 daAuts
     D:7: 1880 daAuts
     D:5: 1585 daAuts
  Lair:1: 1436 daAuts
     D:1: 1354 daAuts
  Lair:2: 1180 daAuts
     D:2: 1065 daAuts
     D:9: 1025 daAuts
     D:3: 834 daAuts
  Lair:3: 720 daAuts
    D:10: 94 daAuts
  Temple: 63 daAuts
